 Dungeon Crawl Stone Soup version 0.32-a0-791-gfc315c9ecd (webtiles) character file.

Game seed: 3631923921448003719

524 LobsterGuardian the Ruffian (level 7, -18/71 HPs)
             Began as an Oni Monk on Mar 20, 2024.
             Was a Priest of Beogh.
             Demolished by Grimold the orc apostle
             ... wielding the +11 great mace "Hydrabane" {vamp, Dex+3 Stlth+}
              (25 damage)
             ... on level 5 of the Dungeon on Mar 21, 2024.
             The game lasted 00:08:42 (3649 turns).

LobsterGuardian the Ruffian (Oni Monk)              Turns: 3649, Time: 00:08:43

Health: -18/71     AC:  4    Str: 16    XL:     7   Next: 22%
Magic:  8/8        EV: 10    Int: 11    God:    Beogh [***...]
Gold:   309        SH:  0    Dex: 13    Spells: 6/6 levels left

rFire   . .          .
                       - Unarmed
rCold   . . .        c - orb {light}
rNeg    . . .        a - +1 robe
rPois   .            (helmet restricted)
rElec   .            (no cloak)
rCorr   .            (gloves unavailable)
SInv    .            (boots unavailable)
Will    .....        (no amulet)
Stlth   +            (no ring)
HPRegen 0.31/turn    (no ring)
MPRegen 0.11/turn

%: no passive effects
@: about to teleport, glowing
A: large, unfitting armour, horns 1, tough skin 1, double potion healing,
drunken brawling
a: Renounce Religion, Smiting


You were on level 5 of the Dungeon.
You worshipped Beogh.
Beogh was most pleased with you.
You visited 1 branch of the dungeon, and saw 5 of its levels.
You also visited: Sewer.

You collected 309 gold pieces.

Inventory:

Armour
 a - a +1 robe (worn)
 c - an orb of light (worn)
Scrolls
 f - 4 scrolls of teleportation
 g - a scroll of poison
 m - a scroll of enchant armour
 o - a scroll of blinking {unknown}
 p - 2 scrolls of noise
 r - a scroll of fear {unknown}
Potions
 b - a potion of ambrosia
 d - 2 potions of heal wounds
 e - a potion of invisibility {unknown}
 h - a potion of curing {unknown}
 i - 2 potions of enlightenment
 j - 3 potions of haste {unknown}
 k - a potion of mutation {unknown}
 l - 2 potions of attraction {unknown}
 q - a potion of might


   Skills:
 + Level 4.9 Fighting
 + Level 3.5 Dodging
 * Level 6.3 Unarmed Combat
 * Level 2.0 Invocations


You had 6 spell levels left.
You didn't know any spells.
Your spell library was empty.

Dungeon Overview and Level Annotations

Branches:
Dungeon (5/15)              Sewer (visited)
 Temple: D:4-7

Altars:

Shops:
D:3 :


Innate Abilities, Weirdness & Mutations

Your facial features look somewhat orcish.
You are too large for most types of armour.
You have a pair of small horns on your head.
You have tough skin. (AC +1)
You gain doubled healing and magic from potions.
Whenever you drink a healing potion, you attack all around you.


Message History

Aim: Grimold the orc apostle, wielding the +11 great mace "Hydrabane" {vamp, Dex+3 Stlth+} and wearing a +2 chain mail (ally target, empowered by the touch of Beogh) Attack!
Grimold hits your iguana with the +11 great mace "Hydrabane"!!
Your iguana dies!
Your iguana's corpse dissolves into shadows!
Unknown command.
Unknown command.
You are confused.
You savour every drop.
You feel invigorated.
Your ogre barely misses Grimold.
Grimold hits your scorpion with the +11 great mace "Hydrabane"!!
Your scorpion dies!
Your scorpion's corpse dissolves into shadows!
Your ogre hits Grimold with a +0 giant club!
Your ogre hits Grimold but does no damage.
Grimold barely misses you.
You hit Grimold but do no damage. You headbutt Grimold, but do no damage.
Grimold is lightly wounded.
You barely miss Grimold. Your headbutt misses Grimold.
Grimold is lightly wounded.
You feel less invigorated.
You feel less confused.
Grimold hits you with the +11 great mace "Hydrabane"!!
Grimold draws strength from your wounds!
Your ogre closely misses Grimold.
You hit Grimold.
Grimold is lightly wounded.
Grimold hits you with the +11 great mace "Hydrabane"!
Unknown command.
As you read the scroll of teleportation, it crumbles to dust.
You feel strangely unstable.
Grimold hits you with the +11 great mace "Hydrabane"!!
* * * LOW HITPOINT WARNING * * *
Grimold draws strength from your wounds!
Your ogre hits Grimold with a +0 giant club!
Unknown command.
Grimold attacks as she pursues you!
Grimold hits you with the +11 great mace "Hydrabane"!!
You die...
Beogh appreciates Grimold's killing of a heretic priest.

###..##
##†.##..#
###.......# ...
##...#.###.#
#... ###..###.##
#..##...## ..##
##.......###...
#........##..##.
...#....o@.#.##
#. .. .
###.O.....# ##
... ##..###.#
...# #.## #.#
...# #.# #.# ..#
##.####.#
#.##..))...##
##...######.##
#...## ##.#


You could see Grimold the orc apostle (ally target, divinely empowered) and a
friendly ogre (summoned).

Vanquished Creatures
  2 brain worms (Sewer)
  A scorpion (D:5)
  A gnoll bouda (D:5)
  An orc priest (D:5)
  A sleepcap (D:5)
  An iguana (D:5)
  4 gnolls (D:5)
  8 adders
  A river rat (Sewer)
  A white imp (D:5)
  5 dart slugs
  4 orcs
  6 endoplasms
  4 giant cockroaches
  5 goblins
  11 hobgoblins
  7 jackals
  11 ball pythons
  4 bats (D:3)
  4 frilled lizards (Sewer)
  3 kobolds
  11 rats
96 creatures vanquished.

Notes
Turn   | Place    | Note
-------+----------+-------------------------------------------
     0 | D:1      | LobsterGuardian the Oni Monk began the quest for the Orb.
     0 | D:1      | Reached XP level 1. HP: 24/24 MP: 1/1
   138 | D:1      | Reached skill level 3 in Unarmed Combat
   138 | D:1      | Reached XP level 2. HP: 26/32 MP: 2/2
   343 | D:1      | Found a faded altar of an unknown god.
   747 | D:2      | Reached XP level 3. HP: 32/40 MP: 3/3
  1008 | D:2      | Upgraded the game from 0.32-a0-779-g362cfcae2a to
                  | 0.32-a0-791-gfc315c9ecd
  1070 | D:2      | Reached XP level 4. HP: 49/49 MP: 4/4
  1584 | D:3      | Reached skill level 4 in Unarmed Combat
  1807 | D:3      | Found Milil's Book Shoppe.
  2257 | D:4      | Noticed an orc warrior
  2261 | D:4      | Reached XP level 5. HP: 48/55 MP: 5/5
  2264 | D:4      | Became a worshipper of Beogh the Shepherd
  2264 | D:4      | Reached * piety under Beogh
  2264 | D:4      | Reached ** piety under Beogh
  2268 | D:4      | Found a glowing drain.
  2277 | Sewer    | Entered a sewer
  2486 | Sewer    | Reached skill level 5 in Unarmed Combat
  2687 | Sewer    | Reached skill level 1 in Invocations
  2687 | Sewer    | Reached XP level 6. HP: 51/65 MP: 3/6
  3177 | D:5      | Entered Level 5 of the Dungeon
  3493 | D:5      | Reached skill level 6 in Unarmed Combat
  3493 | D:5      | Reached XP level 7. HP: 54/71 MP: 8/8
  3617 | D:5      | Reached *** piety under Beogh
  3635 | D:5      | Identified the +11 great mace "Hydrabane" {vamp, Dex+3
                  | Stlth+}
  3635 | D:5      | Noticed Grimold
  3649 | D:5      | Demolished by Grimold the orc apostle

Illustrated notes

Levels and vault maps discovered:
D:1:      lightli_arrival_flooded_house, layout_basic,
          shapermc_ecumenical_altar_pompeii, chequers_serial_rivers_marsh,
          st_stairs_5
D:2:      layout_loops_ring, minmay_pentomino_w2
D:3:      kennysheep_six_static_rooms, layout_basic, serial_shops, shop,
          bh_walls_and_bars
D:4:      layout_cave_pools, portal_sewer_entry_d, kennysheep_generic_room_3
D:5:      layout_layer_cave

Skill      XL: |  1  2  3  4  5  6  7 |
---------------+----------------------+-----
Unarmed Combat | 3 4 5 6 |  6.3
Dodging        | 3 |  3.5
Invocations    | 1 2 |  2.0
Fighting       | |  4.9

Action                     |  1- 3 |  4- 6 |  7- 9 || total
---------------------------+-------+-------+-------++-------
  Melee: Unarmed           |    88 |   169 |    35 ||   292
         Headbutt          |    16 |    24 |    11 ||    51
 Invoke: Convert to Beogh  |       |     1 |       ||     1
    Use: Scroll            |     1 |     9 |     2 ||    12
         Potion            |       |     1 |     2 ||     3
 Armour: Robe              |    43 |    99 |    25 ||   167
  Dodge: Dodged            |    32 |    78 |    16 ||   126

Table legend: (Time is in decaauts)
 A = Elapsed time spent in this place.
 B = Non-inter-level travel time spent in this place.
 C = Inter-level travel time spent in this place.
 D = Time resting spent in this place.
 E = Time spent auto-exploring this place.
 F = Levels seen in this place.
 G = Mean time per level.
                   A        B        C        D        E       F      G
               +--------+--------+--------+--------+--------+-----+--------+
         Total |   3623 |   3547 |     76 |      0 |   2957 |   6 |  603.8 |
       Dungeon |   3161 |   3085 |     76 |      0 |   2573 |   5 |  632.2 |
         Sewer |    462 |    462 |      0 |      0 |    384 |   1 |  462.0 |
               +--------+--------+--------+--------+--------+-----+--------+

Top non-repeatable levels by time:
     D:3: 770 daAuts
     D:1: 734 daAuts
     D:2: 709 daAuts
     D:4: 484 daAuts
     D:5: 463 daAuts
   Sewer: 462 daAuts
